 Dungeon Crawl Stone Soup version 0.29-a0-872-g797fff5ad1 (webtiles) character file.

Game seed: 17444729656026337129

140 iskra the Cudgeller (level 5, 38/38 (41) HPs)
             Began as a Meteoran Cinder Acolyte on July 18, 2022.
             Was a Priest of Ignis.
             Quit the game on level 3 of the Dungeon.
             The game lasted 00:09:29 (1565 turns).

iskra the Cudgeller (Meteoran Cinder Acolyte)       Turns: 1565, Time: 00:09:29

HP:   38/38 (41)    AC:  5    Str: 17    XL:     5   Next: 77%
MP:   10/10         EV: 11    Int: 15    God:    Ignis [***...]
Gold: 86            SH:  0    Dex: 10    Spells: 10/10 levels left

rFire   + . .      SeeInvis .   a - +0 mace (flame)
rCold   . . .      Faith    .   (no shield)
rNeg    . . .      Spirit   .   b - +0 robe
rPois   .          Reflect  .   (no helmet)
rElec   .          Harm     .   d - +1 cloak
rCorr   .          Rampage  .   (no gloves)
Will    .....                   k - +0 pair of boots
Stlth   +.........              (no amulet)
HPRegen 0.12/turn               (no ring)
MPRegen 0.12/turn               (no ring)

@: glowing, drained
A: sense surroundings 1, otherworldly, glowing, explore regen, talons 1, frail
1, noise suppression
a: Renounce Religion, Fiery Armour, Foxfire Swarm


You were on level 3 of the Dungeon.
You worshipped Ignis.
Ignis was most pleased with you.
You visited 1 branch of the dungeon, and saw 3 of its levels.

You collected 86 gold pieces.

Inventory:

Hand Weapons
 a - a +0 mace of flaming (weapon)
Armour
 b - a +0 robe (worn)
 d - a +1 cloak (worn)
 k - a +0 pair of boots (worn)
Wands
 l - a wand of polymorph (11)
Scrolls
 f - a scroll of poison
 g - a scroll of identify
 j - a scroll of fog
Potions
 c - a potion of berserk rage
 e - a potion of lignification
 h - a potion of curing
 i - a potion of brilliance


   Skills:
 + Level 4.1 Fighting
 * Level 5.5 Maces & Flails
 + Level 3.0 Spellcasting
 + Level 4.4 Fire Magic


You had 10 spell levels left.
You didn't know any spells.
Your spell library contained the following spells:

 Spells                   Type           Power      Damage    Failure   Level
 Scorch                   Fire           30%        2d6       4%          2
 Blink                    Tloc           4%         N/A       30%         2
 Lesser Beckoning         Tloc           2%         N/A       52%         3
 Tukima's Dance           Hex            2%         N/A       52%         3
 Flame Wave               Conj/Fire      8%         2d5       63%         4
 Passage of Golubria      Tloc           2%         N/A       89%         4
 Manifold Assault         Tloc           2%         N/A       99%         5
 Yara's Violent Unravell  Hex/Tmut       1%         3d3       99%         5
 Summon Cactus Giant      Summ           1%         N/A       100%        6


Dungeon Overview and Level Annotations

Branches:
Dungeon (3/15) Zot: 432

Altars:

Shops:
D:1 [


Innate Abilities, Weirdness & Mutations

You passively map a small area around you.
You are easily found by Zot.
You glow in the dark.
You regain HP and MP as you explore.
You have sharp toenails.
You are frail. (-10% HP)
You passively dampen the noise of your surroundings.


Message History

Your Spellcasting skill increases to level 3!
You closely miss the orc. You completely miss the orc.
The orc splashes around in the water.
You hit the orc. You burn the orc.
The orc is severely wounded.
The orc hits you but does no damage.
The orc is burned by your cloak of flames.
You kill the orc!
You hear a splash.
You enter the shallow water.
Moving in this stuff is going to be slow.
A nearby plant withers and dies.
Items here: ))) [ †.
Okay, then.
Things that are here:
a +0 mace; a +0 scale mail You enter the shallow water.
Moving in this stuff is going to be slow.
You enter the shallow water.
Moving in this stuff is going to be slow.
Found a stone staircase leading up.
There is a stone staircase leading up here.
Found a robe.
A kobold comes into view. It is wielding a +0 dagger.
A kobold is nearby!
The kobold hits you but does no damage.
The kobold is burned by your cloak of flames.
You kill the kobold!
Things that are here:
a +0 dagger; a kobold corpse You see here a +0 robe.
Found a stone staircase leading down.
Your fiery armour burns out.
Unknown command.
Okay, then.
Save game and exit?
Welcome back, iskra the Meteoran Cinder Acolyte.
The flames of Ignis gently warm you.
Press ? for a list of commands and other information.
Are you sure you want to abandon this character and quit the game? (Confirm with "yes".)

#############
######..........@# ######
.......#########.# #.....
######## #.# ######.#### #.#
#......# #.# #.###### ###
#.# #.# ##########.## #.#
#.# #......>#.#.###.# #.#
#.#####..###....######.#####


There were no monsters in sight!

Vanquished Creatures
  Natasha (D:3)
  Terence (D:3)
  2 gnolls
  2 adders
  2 dart slugs (D:1)
  5 orcs (D:3)
  5 bats
  2 endoplasms
  2 giant cockroaches
  4 hobgoblins
  2 jackals (D:2)
  2 quokkas (D:2)
  4 goblins
  8 kobolds
  5 rats
47 creatures vanquished.

Vanquished Creatures (others)
  8 foxfires (D:3)
  3 plants (D:3)
11 creatures vanquished.

Grand Total: 58 creatures vanquished

Notes
Turn   | Place    | Note
-------+----------+-------------------------------------------
     0 | D:1      | iskra the Meteoran Cinder Acolyte began the quest for the
                  | Orb.
     0 | D:1      | Reached XP level 1. HP: 19/19 MP: 3/3
   131 | D:1      | Reached XP level 2. HP: 26/26 MP: 3/5
   133 | D:1      | Reached XP level 3. HP: 31/31 MP: 4/6
   144 | D:1      | Found a faded altar of an unknown god.
   193 | D:1      | Gained mutation: You are frail. (-10% HP) [potion of
                  | mutation]
   193 | D:1      | Gained mutation: You have sharp toenails. [potion of
                  | mutation]
   193 | D:1      | Gained mutation: You passively dampen the noise of your
                  | surroundings. [potion of mutation]
   253 | D:1      | Found Efiasive's Antique Armour Boutique.
   484 | D:1      | Glimpsed the power of Zot.
   534 | D:1      | Glimpsed the power of Zot.
   574 | D:1      | Glimpsed the power of Zot.
   584 | D:1      | Touched by the power of Zot.
   691 | D:2      | Reached XP level 4. HP: 22/26 MP: 8/8
  1261 | D:3      | Reached skill level 5 in Maces & Flails
  1275 | D:3      | Noticed Natasha
  1338 | D:3      | Killed Natasha
  1339 | D:3      | Reached XP level 5. HP: 29/34 MP: 8/10
  1347 | D:3      | Noticed Terence
  1396 | D:3      | Killed Terence
  1565 | D:3      | Quit the game

Illustrated notes

Levels and vault maps discovered:
D:1:      erik_arrival_orb_chamber, layout_basic, basic_ecumenical_altar,
          serial_shops, nicolae_shop_behind_doors
D:2:      layout_basic, minivault_25
D:3:      cheibrodos_old_hovel, layout_loops_ring, mainiacjoe_overflow_brackets,
          serial_bayou_crossing, uniq_natasha, uniq_terence

Skill      XL: |  1  2  3  4  5 |
---------------+----------------+-----
Spellcasting   | 2 3 |  3.0
Fire Magic     | 4 |  4.4
Maces & Flails | 5 |  5.5
Fighting       | 4 |  4.1

Action                   |  1- 3 |  4- 6 || total
-------------------------+-------+-------++-------
Melee: Mace              |    42 |    52 ||    94
       Kick              |       |     3 ||     3
       Unarmed           |       |     1 ||     1
Invok: Fiery Armour      |     3 |     2 ||     5
       Rising Flame      |       |     1 ||     1
       Foxfire Swarm     |       |     1 ||     1
  Use: Potion            |     4 |     4 ||     8
       Scroll            |     3 |     1 ||     4
Armor: Robe              |    22 |    18 ||    40
Dodge: Dodged            |    32 |    30 ||    62

Table legend: (Time is in decaauts)
 A = Elapsed time spent in this place.
 B = Non-inter-level travel time spent in this place.
 C = Inter-level travel time spent in this place.
 D = Time resting spent in this place.
 E = Time spent auto-exploring this place.
 F = Levels seen in this place.
 G = Mean time per level.
                   A        B        C        D        E       F      G
               +--------+--------+--------+--------+--------+-----+--------+
         Total |   1568 |   1416 |    152 |    114 |    524 |   3 |  522.7 |
       Dungeon |   1568 |   1416 |    152 |    114 |    524 |   3 |  522.7 |
               +--------+--------+--------+--------+--------+-----+--------+

Top non-repeatable levels by time:
     D:1: 632 daAuts
     D:2: 563 daAuts
     D:3: 372 daAuts
